 Dungeon Crawl Stone Soup version 0.24.0-10-g970556be89 (console) character file.

Game seed: 4339025744904617038, levelgen mode: deterministic

128 AlterAsc the Insei (level 5, -1/30 HPs)
             Began as a Tengu Transmuter on Nov 3, 2019.
             Slain by an iguana (11 damage)
             ... on level 2 of the Dungeon.
             The game lasted 00:03:48 (1887 turns).

AlterAsc the Insei (Tengu Transmuter)               Turns: 1887, Time: 00:03:49

Health: -1/30      AC:  3    Str: 11    XL:     5   Next: 11%
Magic:  9/10       EV: 15    Int: 14    God:
Gold:   85         SH:  0    Dex: 14    Spells: 8/9 levels left

rFire    . . .     SeeInvis .     - Unarmed
rCold    . . .     Gourm    .   (no shield)
rNeg     . . .     Faith    .   g - +0 leather armour
rPois    .         Spirit   .   (helmet restricted)
rElec    .         Reflect  .   (no cloak)
rCorr    .         Harm     .   (no gloves)
MR       .....                  (boots unavailable)
Stlth    +.........             (no amulet)
HPRegen  0.10/turn              (no ring)
MPRegen  0.12/turn              (no ring)

@: appendage (expiring), flying quickly and evasively, quick
A: beak, horns 2, talons 3, able to fly
a: Stop Flying, End Transformation


You were on level 2 of the Dungeon.
You were not hungry.
You had grown temporary horns.
You visited 1 branch of the dungeon, and saw 2 of its levels.

You collected 85 gold pieces.

Inventory:

Missiles
 a - 28 arrows
Armour
 b - a +0 robe
 g - a +0 leather armour (worn)
Scrolls
 f - 2 scrolls of identify {unknown}
 i - a scroll of fog {unknown}
Potions
 e - a potion of cancellation {unknown}
 h - a potion of brilliance {unknown}
Comestibles
 c - 4 chunks of flesh
 d - 4 rations


   Skills:
 + Level 2.0 Fighting
 + Level 3.0 Dodging
 * Level 4.1 Unarmed Combat
 * Level 2.8 Spellcasting
 * Level 2.3 Transmutations


You had 8 spell levels left.
You knew the following spells:

 Your Spells              Type           Power        Failure   Level  Hunger
a - Beastly Appendage     Tmut           #.....       11%         1    #......

Your spell library contained the following spells:

 Spells                   Type           Power        Failure   Level  Hunger
 Sticks to Snakes         Tmut           #.......     16%         2    ##.....
 Spider Form              Tmut/Pois      #.........   47%         3    ###....
 Ice Form                 Ice/Tmut       #.......     87%         4    #####..
 Blade Hands              Tmut           #.........   96%         5    ######.


Dungeon Overview and Level Annotations

Branches:
Dungeon (2/15)

Altars:


Innate Abilities, Weirdness & Mutations

You have a beak for a mouth.
You have claws for feet.
You can fly continuously.
You have a pair of horns on your head.


Message History

There is a stone staircase leading down here.
You hit the iguana. You headbutt the iguana.
The iguana is heavily wounded.
The iguana bites you!
You hit the iguana. Your kick misses the iguana.
You punch the iguana, but do no damage.
The iguana is severely wounded.
The iguana bites you.
You are too injured to fight recklessly!
You are too injured to fight recklessly!
You are too injured to fight recklessly!
You closely miss the iguana. Your kick misses the iguana.
The iguana is severely wounded.
The iguana closely misses you.
You barely miss the iguana. You headbutt the iguana.
You peck the iguana, but do no damage.
The iguana is severely wounded.
Your transformation is almost over.
The iguana bites you!
You die...

#.#.#.########.#####....#
#.#..........#.# #....#
####.....#####.##.# #....#
......#.)# ## #)# #....#
#####.#..####.. #.# #....#
#####.#..#.....##.# #....#
......#...........#####....######
#######.##..<(.#.................
# ....#### #@################ #
.. #l# # ######## #.# # ........
... # .####### #.# # ........ ...
..# # .###..####.### ### #
...#..# ..... # .#.#..# #...# #


You could see an iguana.

Vanquished Creatures
  Jessica (D:2)
  5 adders (D:2)
  2 oozes (D:1)
  A worm (D:2)
  2 dart slugs
  2 leopard geckos
  7 bats
  A giant cockroach (D:2)
  5 goblins
  7 hobgoblins
  2 jackals (D:2)
  2 frilled lizards (D:1)
  5 rats
42 creatures vanquished.

Notes
Turn   | Place    | Note
-------+----------+-------------------------------------------
     0 | D:1      | AlterAsc the Tengu Transmuter began the quest for the Orb.
     0 | D:1      | Reached XP level 1. HP: 12/12 MP: 4/4
   201 | D:1      | Reached XP level 2. HP: 16/16 MP: 4/6
   460 | D:1      | Reached XP level 3. HP: 17/20 MP: 5/7
   961 | D:2      | Noticed Jessica
   973 | D:2      | Killed Jessica
   973 | D:2      | Reached XP level 4. HP: 20/26 MP: 8/8
  1448 | D:2      | Reached skill level 4 in Unarmed Combat
  1464 | D:2      | Gained mutation: You can fly continuously. [Tengu growth]
  1464 | D:2      | Reached XP level 5. HP: 17/30 MP: 8/10
  1887 | D:2      | Slain by an iguana

Levels and vault maps discovered:
D:1:      lemuel_arrival_muddy, layout_basic
D:2:      layout_basic, uniq_jessica

Skill      XL: |  1  2  3  4 |
---------------+-------------+-----
Transmutations | 2 |  2.3
Fighting       | 2 |  2.0
Unarmed Combat | 4 |  4.1
Dodging        | 3 |  3.0
Spellcasting   | |  2.8

Action                   |  1- 3 |  4- 6 || total
-------------------------+-------+-------++-------
Melee: Unarmed           |    75 |    61 ||   136
       Kick              |    11 |     9 ||    20
       Peck              |    11 |     8 ||    19
       Headbutt          |     6 |     6 ||    12
       Punch             |     1 |     1 ||     2
 Cast: Beastly Appendage |    14 |    12 ||    26
 Abil: Fly               |       |     1 ||     1
 Stab: Sleeping          |     1 |       ||     1
       Distracted        |       |     1 ||     1
  Eat: Chunk             |     1 |     1 ||     2
       Ration            |       |     1 ||     1
Armor: Robe              |     9 |       ||     9
       Leather armour    |    16 |     8 ||    24
Dodge: Dodged            |    51 |    43 ||    94
